 Dungeon Crawl Stone Soup version 0.29.1-4-g47bece8355 (webtiles) character file.

Game seed: 13556391126530481505

850 KittyFluff the Cudgeller (level 8, -2/72 HPs)
             Began as a Gargoyle Berserker on Dec 7, 2022.
             Was a Believer of Trog.
             Killed from afar by Dowan (15 damage)
             ... with a shard of ice
             ... on level 6 of the Dungeon on Dec 8, 2022.
             The game lasted 00:24:07 (5591 turns).

KittyFluff the Cudgeller (Gargoyle Berserker)       Turns: 5591, Time: 00:24:07

Health: -2/72      AC: 13    Str: 21    XL:     8   Next: 1%
Magic:  8/8        EV: 10    Int:  8    God:    Trog [**....]
Gold:   104        SH: 10    Dex: 11    Spells: 7/7 levels left

rFire   . . .      SeeInvis .   q - +1 mace "Gukk" {holy, rN+ Will+}
rCold   . . .      Faith    .   D - +2 kite shield
rNeg    + + .      Spirit   .   b - +3 leather armour
rPois   ∞          Reflect  .   k - +0 helmet
rElec   +          Harm     .   (no cloak)
rCorr   .          Rampage  .   (no gloves)
Will    +....                   (no boots)
Stlth   ..........              (no amulet)
HPRegen 0.22/turn               (no ring)
MPRegen 0.11/turn               (no ring)

@: berserking (expiring), very quick
A: sickness immunity, AC +5, negative energy resistance 1, electricity
resistance, torment resistance 1, petrification resistance
a: Renounce Religion, Berserk, Trog's Hand


You were on level 6 of the Dungeon.
You worshipped Trog.
Trog was pleased with you.
You visited 1 branch of the dungeon, and saw 6 of its levels.

You collected 426 gold pieces.
You spent 322 gold pieces at shops.

Inventory:

Hand Weapons
 d - a +0 sling
 f - a +0 mace of draining
 h - a +0 quarterstaff
 q - the +1 mace "Gukk" (weapon) {holy, rN+ Will+}
   (You found it on level 2 of the Dungeon)

   It has been blessed by the Shining One to cause great damage to the undead
   and demons.
   rN:        It protects you from negative energy.
   Will:      It increases your willpower.
 r - a +1 whip of electrocution
 H - a +0 lajatang
Missiles
 l - 26 stones (quivered)
 m - a curare-tipped dart
 w - 9 poisoned darts
Armour
 b - a +3 leather armour (worn)
 k - a +0 helmet (worn)
 D - a +2 kite shield (worn)
Wands
 t - a wand of flame (11)
 v - a wand of quicksilver (2)
 z - a wand of digging (8)
Scrolls
 e - 3 scrolls of silence {unknown}
 i - 2 scrolls of blinking {unknown}
 n - 4 scrolls of magic mapping
 o - a scroll of vulnerability {unknown}
 p - 5 scrolls of teleportation
 x - a scroll of noise {unknown}
 y - 3 scrolls of identify {unknown}
 A - 2 scrolls of poison {unknown}
 E - 2 scrolls of immolation
Potions
 a - a potion of magic {unknown}
 c - 4 potions of curing {unknown}
 g - a potion of mutation {unknown}
 j - 4 potions of brilliance {unknown}
 s - 2 potions of degeneration {unknown}
 B - 3 potions of invisibility {unknown}
 C - a potion of heal wounds {unknown}
 G - a potion of flight {unknown}


   Skills:
 + Level 4.9 Fighting
 + Level 6.0 Maces & Flails
 * Level 4.4 Armour
 + Level 3.1 Dodging
 + Level 2.3 Stealth
 * Level 2.8 Shields


You had 7 spell levels left.
You didn't know any spells.
Your spell library was empty.

Dungeon Overview and Level Annotations

Branches:
Dungeon (6/15)             Temple (0/1) D:4

Altars:
Gozag

Shops:
D:1 *[   D:3 ?

Annotations:
D:6 Dowan


Innate Abilities, Weirdness & Mutations

You are immune to sickness and miasma.
Your stone body is resilient. (AC +5)
You are immune to poison.
You resist negative energy. (rN+)
You are resistant to electric shocks. (rElec)
You are resistant to unholy torment.
You are immune to petrification.


Message History

You hit Duvessa but do no damage.
Duvessa is severely wounded.
Duvessa hits you but does no damage. Duvessa hits you with a +0 short sword!
* * * LOW HITPOINT WARNING * * *
You sock Duvessa!
Duvessa is almost dead.
You block Duvessa's attack. x2
You barely miss Duvessa.
Duvessa is almost dead.
You block Duvessa's attack. Duvessa hits you with a +0 short sword.
* * * LOW HITPOINT WARNING * * *
You hit Duvessa.
Duvessa is almost dead.
Duvessa hits you but does no damage. Duvessa barely misses you.
A red film seems to cover your vision as you go berserk!
You feel yourself moving faster!
You feel mighty! Duvessa closely misses you.
You closely miss Duvessa.
Duvessa is almost dead.
Duvessa misses you. Dowan hits you with a +0 dagger.
* * * LOW HITPOINT WARNING * * *
You barely miss Duvessa.
Duvessa is almost dead.
Duvessa barely misses you. You block Duvessa's attack.
You sock Duvessa!
You kill Duvessa!
Trog accepts your kill.
Dowan seems overcome with grief.
Dowan seems to find hidden reserves of power!
Dowan gestures wildly while chanting.
Dowan blinks!
Dowan gestures at you while chanting. The stone arrow hits you.
* * * LOW HITPOINT WARNING * * *
Your Maces & Flails skill increases to level 6!
You have reached level 8!
You feel clever.
You feel a strong urge to attack something.
Dowan casts a spell at you. The shard of ice hits you!
You die...

..# #.# ###########
#.#
..........###.######
...................=
....................
.......)......#####
############....####
##..e@§)####
#....#....#
########.†..####..#
...................#
.................#.#
.......=.........#...
.................#
...
.................#
###
.................#


You could see Dowan (fast).

Vanquished Creatures
  Duvessa (D:6)
  An ice beast (D:6)
  An ogre (D:4)
  A phantom (D:6)
  A kobold brigand (D:4)
  2 scorpions (D:5)
  4 hounds (D:4)
  A jelly (D:5)
  Terence (D:2)
  An iguana (D:4)
  3 adders
  3 white imps (D:5)
  An ufetubus (D:4)
  2 dart slugs (D:1)
  11 orcs
  6 ball pythons
  2 endoplasms
  A giant cockroach (D:1)
  2 goblins (D:3)
  6 hobgoblins
  3 jackals (D:3)
  6 quokkas
  6 bats
  4 frilled lizards
  9 kobolds
  6 rats
85 creatures vanquished.

Notes
Turn   | Place    | Note
-------+----------+-------------------------------------------
     0 | D:1      | KittyFluff the Gargoyle Berserker began the quest for the
                  | Orb.
     0 | D:1      | Reached XP level 1. HP: 14/14 MP: 1/1
   339 | D:1      | Found Hottous's Armour Emporium.
   436 | D:1      | Reached XP level 2. HP: 14/19 MP: 2/2
   533 | D:1      | Found Urots's General Store.
  1338 | D:2      | Reached XP level 3. HP: 19/23 MP: 3/3
  1392 | D:2      | Noticed Terence
  1399 | D:2      | Killed Terence
  1589 | D:2      | Reached ** piety under Trog
  1627 | D:2      | Identified the +1 mace "Gukk" {holy, rN+ Will+}
  1643 | D:3      | Found Imouqi's Magic Scroll Boutique.
  1803 | D:3      | Reached XP level 4. HP: 26/29 MP: 4/4
  2221 | D:3      | Reached skill level 1 in Stealth
  2230 | D:3      | Reached skill level 4 in Maces & Flails
  2438 | D:3      | Found a faded altar of an unknown god.
  2443 | D:3      | Found an opulent altar of Gozag.
  3021 | D:4      | Reached XP level 5. HP: 27/33 MP: 5/5
  3158 | D:4      | Noticed an ogre
  3164 | D:4      | Killed an ogre
  3165 | D:4      | Reached XP level 6. HP: 38/38 MP: 6/6
  3476 | D:4      | Reached skill level 5 in Maces & Flails
  3798 | D:4      | Found a staircase to the Ecumenical Temple.
  3932 | D:1      | Bought a +2 kite shield for 231 gold pieces
  4087 | D:3      | Bought a scroll of immolation for 52 gold pieces
  4087 | D:3      | Bought a scroll of teleportation for 39 gold pieces
  4221 | D:5      | Entered Level 5 of the Dungeon
  4378 | D:5      | Reached XP level 7. HP: 28/44 MP: 7/7
  4558 | D:5      | Reached skill level 1 in Shields
  4919 | D:6      | Reached *** piety under Trog
  5545 | D:6      | Noticed Dowan
  5555 | D:6      | Noticed Duvessa
  5589 | D:6      | Killed Duvessa
  5590 | D:6      | Reached skill level 6 in Maces & Flails
  5590 | D:6      | Reached XP level 8. HP: 13/48 MP: 8/8
  5591 | D:6      | Killed from afar by Dowan

Illustrated notes

Levels and vault maps discovered:
D:1:      amcnicky_arrival_feature_with_door, layout_loops_ring, serial_shops,
          nicolae_lakefront_shop, shop_coins, hangedman_decor_push
D:2:      layout_basic, uniq_terence
D:3:      layout_loops_corners, nicolae_overflow_ecumenical_swirl, serial_shops,
          shop_fountains
D:4:      layout_basic, temple_hall, minivault_1, nicolae_eternal_life
D:5:      layout_rooms
D:6:      layout_basic, uniq_duvessa

Skill      XL: |  1  2  3  4  5  6  7 |
---------------+----------------------+-----
Dodging        | 2 3 |  3.1
Stealth        | 1 2 |  2.3
Maces & Flails | 4 5 6 |  6.0
Fighting       | 4 |  4.9
Armour         | 3 4 |  4.4
Shields        | 2 |  2.8

Action                   |  1- 3 |  4- 6 |  7- 9 || total
-------------------------+-------+-------+-------++-------
Melee: Mace              |    90 |   129 |   124 ||   343
       Punch             |       |     1 |       ||     1
Invok: Berserk           |     1 |     2 |     2 ||     5
  Use: Scroll            |       |     2 |       ||     2
 Stab: Sleeping          |       |     2 |       ||     2
Armor: Animal skin       |    44 |    52 |    12 ||   108
       Leather armour    |       |       |    27 ||    27
Dodge: Dodged            |    72 |    92 |    48 ||   212
Block: Kite shield       |       |    11 |    64 ||    75
